cohdb
Replays
Latest Replays
All Replays
Popular Replays
Top Player Replays
Match Explorer
How It Works
Community
CoH3 Stats
Reddit
Sign in to upload your games and track your stats! →
Sign in with Steam
Match 40877924
Unlisted
Match 40877924
Overview
Messages
Build Orders
End
Vickers Machine Gun Team
Construct Section Command Post
Infantry Section
Infantry Section
Grenade Package
Construct Field Infirmary
Selects Canadian Shock Battlegroup
Infantry Section
Construct Platoon Command Post
Infantry Training
Humber Armored Car
Unlock Bishop Self-propelled Artillery
Selects Burnout
Selects Pyrotechnics
6-pounder Anti-tank Gun Team
Burnout
Bishop Self-propelled Artillery
Infantry Section
Construct Company Command Post
Infantry Section
Burnout
Bishop Self-propelled Artillery
Burnout
Selects Churchill Crocodile Heavy Tank
Churchill Crocodile Heavy Tank
Burnout
Armored Vehicle Training
Burnout
Spoic
AzerTea
山升从升计
Cblroejka
抖音呆呆河马-英3小程序
schnitzel
任大大
爱姝琴的每一天
0
0
Comments
sign in to comment!
No comments posted yet!